Map: Ruins of Endion

Players

Miszu - Winner!

  • Race: Terran Terran
  • League: Grandmaster

ASB

  • Race: Terran Terran
  • League: Master

VOD

Have the link to the VOD?

Description

Time

  • Played on: June 4, 2016, 3:08 p.m.
  • Length: 13:01
Show
View Real Time Build Order
Export as new Build Order

Miszu Terran - Winner!

Build Orders: Reaper Expand, Bio Tank 

Get SALT Encoding   

  12  0:00  SCV  
  13  0:12  SCV  
  14  0:18  Supply Depot  
  14  0:25  SCV  
  15  0:39  SCV  
  15  0:41  Barracks  
  16  0:44  Refinery  
  16  0:51  SCV  
  17  1:03  SCV  
  18  1:15  SCV  
  19  1:28  Orbital Command  
  19  1:29  Reaper  
  20  1:46  Command Center  
  20  1:53  SCV  
  21  1:59  Supply Depot  
  21  2:01  Barracks Reactor  
  21  2:05  SCV  
  22  2:16  Refinery  
  22  2:17  SCV  
  22  2:21  Factory  
  23  2:29  SCV  
  24  2:39  Marine x2  
  24  2:42  SCV  
  27  2:54  SCV  
  27  2:57  Marine x2  
  30  2:58  Orbital Command  
  30  3:06  SCV  
  30  3:07  Starport  
  30  3:09  Factory Tech Lab  
  31  3:18  SCV  
  31  3:19  Marine x2  
  33  3:25  SCV  
  35  3:29  Supply Depot  
  35  3:30  SCV  
  38  3:35  Engineering Bay  
  38  3:37  SCV  
  38  3:40  Siege Tank  
  39  3:42  SCV  
  39  3:45  Bunker  
  40  3:52  Viking  
  40  3:53  Marine x2  
  44  3:58  SCV  
  44  3:59  SCV  
  46  4:03  Missile Turret  
  46  4:11  Marine x2  
  46  4:12  Siege Tank  
  51  4:24  SCV x2  
  53  4:32  Viking  
  54  4:42  Supply Depot, SCV x2  
  54  4:45  Missile Turret  
  56  4:47  Marine x2  
  61  4:56  Siege Tank  
  61  4:57  Terran Infantry Weapons Level 1  
  61  4:58  SCV  
  62  5:01  Supply Depot  
  62  5:03  SCV  
  63  5:09  Barracks  
  63  5:10  Barracks  
  63  5:13  Starport Reactor  
  63  5:15  SCV  
  63  5:16  SCV  
  63  5:18  Refinery  
  65  5:23  Marine x2  
  65  5:25  Supply Depot  
  65  5:27  SCV  
  68  5:38  SCV  
  68  5:39  Barracks  
  68  5:41  Barracks  
  69  5:43  SCV  
  69  5:46  Refinery  
  70  5:54  Siege Tank  
  73  6:00  Barracks Tech Lab  
  73  6:01  Medivac x2  
  73  6:04  Barracks Tech Lab, SCV x2  
  77  6:08  Marine x2  
  81  6:12  Supply Depot  
  81  6:14  Supply Depot  
  81  6:21  Stimpack  
  81  6:22  Marine  
  81  6:23  Marine  
  83  6:26  Marine x2  
  83  6:29  Barracks Reactor  
  83  6:31  Barracks Reactor  
  85  6:37  Supply Depot  
  85  6:38  Supply Depot  
  84  6:40  Marine  
  84  6:41  Marine  
  84  6:45  Medivac x2  
  90  6:52  Marine x2  
  92  6:58  Marine  
  92  7:00  Marine  
  94  7:02  Terran Infantry Armor Level 1  
  94  7:03  Supply Depot  
  94  7:10  Supply Depot, Marine x2  
  96  7:16  Marine  
  96  7:18  Marine  
  98  7:26  Marine  
  98  7:27  Marine x3  
  98  7:28  Marine x2, Medivac x2, Siege Tank  
  98  7:29  Combat Shields  
  111  7:33  Marine  
  111  7:36  Marine  
  113  7:39  Command Center  
  113  7:50  Marine  
  113  7:51  Engineering Bay, Marine x3, Armory  
  116  7:55  Supply Depot  
  117  8:05  Supply Depot  
  117  8:11  Medivac x2, Siege Tank  
  124  8:19  Marine x3  
  126  8:20  Marine x5  
  131  8:35  Supply Depot x2  
  131  8:37  Marine x2  
  86  9:05  Marine x8  
  86  9:06  Medivac x2, Siege Tank  
  86  9:07  Orbital Command  
  86  9:23  Marine x3  
  87  9:24  Marauder  
  87  9:28  Marine x2  
  87  9:29  Marine x2  
  91  9:34  Terran Infantry Armor Level 2, Terran Infantry Weapons Level 2  
  91  9:36  Medivac, Orbital Command  
  93  9:40  Marine  
  93  9:41  Marine  
  93  9:42  Siege Tank  
  98  9:49  Marine x4  
  98  9:52  Marine  
  103  9:59  Marine x2  
  106  10:07  Medivac  
  106  10:11  SCV  
  106  10:13  Marine, Refinery  
  110  10:14  Refinery  
  109  10:23  Sensor Tower  
  109  10:29  Marine x2  
  109  10:31  Marine  
  109  10:32  Marine x5  
  116  10:47  Marine x2  
  116  10:48  Medivac x2, Siege Tank  
  116  10:49  Marine  
  126  10:55  Marine x5  
  131  11:02  Factory  
  131  11:04  Marine  
  131  11:05  Marine  
  131  11:07  Marine  
  134  11:12  Marine  
  134  11:20  Marine x4  
  134  11:21  Medivac x2  
  134  11:22  Marine, Siege Tank  
  146  11:29  Marine x2  
  146  11:30  Marine  
  149  11:37  Marine  
  150  11:42  Missile Turret x2  
  150  11:44  Missile Turret  
  150  11:46  Factory Tech Lab  
  150  11:53  Missile Turret  
  150  11:55  Siege Tank  
  150  11:56  Marine x3, Missile Turret  
  150  11:57  Marine x2  
  150  12:00  Missile Turret  
  158  12:07  Medivac  
  163  12:15  Supply Depot  
  163  12:22  Marine x4  
Show
View Real Time Build Order
Export as new Build Order

ASB Terran 

Build Orders: 1/1/1, MMM Bio 

Get SALT Encoding   

  12  0:01  SCV  
  13  0:13  SCV  
  14  0:18  Supply Depot  
  14  0:25  SCV  
  15  0:31  Refinery  
  15  0:40  SCV  
  16  0:46  Barracks  
  16  0:52  SCV  
  18  1:04  SCV  
  18  1:16  SCV  
  19  1:33  Marine, Orbital Command  
  19  1:35  Factory  
  20  1:45  Supply Depot  
  20  1:51  Marine  
  21  1:58  SCV  
  22  2:08  Marine  
  22  2:11  SCV  
  24  2:21  Hellion  
  26  2:23  Starport, SCV  
  26  2:27  Supply Depot  
  27  2:30  Marine  
  27  2:36  SCV  
  29  2:42  Hellion  
  31  2:45  Refinery  
  31  2:48  Marine, SCV  
  33  2:55  Supply Depot  
  33  3:01  Medivac  
  35  3:06  Marine, Hellion  
  35  3:07  SCV  
  39  3:19  SCV  
  40  3:29  Barracks Reactor  
  40  3:30  Factory Tech Lab  
  40  3:31  Viking  
  42  3:34  Supply Depot  
  42  3:48  Command Center  
  42  4:05  Viking  
  42  4:06  Marine x2  
  41  4:27  Marine x2  
  41  4:28  Siege Tank  
  46  4:33  Barracks  
  46  4:35  Barracks  
  46  4:37  SCV  
  38  4:48  Viking  
  38  4:49  SCV  
  38  4:50  Marine x2  
  43  5:01  SCV, Orbital Command  
  44  5:12  Marine x2  
  44  5:14  SCV  
  47  5:21  Starport Reactor  
  47  5:25  Barracks Tech Lab  
  47  5:26  Barracks Tech Lab, SCV  
  49  5:28  SCV  
  49  5:31  Siege Tank  
  49  5:32  Marine x2  
  54  5:38  SCV  
  54  5:39  Supply Depot  
  54  5:40  SCV  
  56  5:50  Marine, SCV  
  56  5:55  Marine x3, Combat Shields  
  56  5:56  Stimpack  
  61  5:57  SCV  
  61  6:02  SCV  
  63  6:09  SCV  
  64  6:13  Barracks  
  64  6:14  Barracks, SCV  
  64  6:15  Marine x3  
  68  6:21  SCV  
  68  6:26  SCV  
  68  6:28  Refinery  
  68  6:29  Refinery  
  68  6:30  Marine  
  68  6:31  Supply Depot  
  70  6:33  Marine  
  70  6:34  Siege Tank  
  70  6:37  Medivac  
  76  6:40  Medivac  
  78  6:50  Supply Depot  
  78  6:53  SCV x2  
  80  7:02  Barracks Reactor x2, Marine x2  
  80  7:03  Marine  
  80  7:05  SCV  
  80  7:06  SCV  
  84  7:10  Medivac  
  84  7:15  Medivac  
  88  7:16  Marine  
  88  7:17  SCV  
  88  7:18  SCV  
  88  7:19  Marine  
  88  7:21  Supply Depot  
  92  7:23  Supply Depot  
  92  7:29  Marine x2  
  90  7:32  Siege Tank  
  90  7:33  Marine  
  94  7:37  Marine  
  94  7:41  Marine x4  
  99  7:47  Marine x2  
  99  7:51  Supply Depot, Marine  
  101  7:54  Medivac  
  101  7:55  Marine  
  105  8:01  Marine x4  
  109  8:08  Marine x2  
  109  8:09  Marine  
  112  8:13  Marine  
  113  8:24  Siege Tank  
  113  8:25  Marine  
  113  8:26  Marine  
  118  8:33  Marine x3  
  118  8:34  Marine  
  122  8:55  Marine x3  
  107  8:56  Siege Tank  
  97  9:02  Marine  
  97  9:03  Marine x4  
  102  9:12  Marine x2  
  102  9:13  Marine  
  79  9:28  Marine  
  79  9:29  Marine x3  
  79  9:30  Marine  
  81  9:34  Medivac x2  
  81  9:36  Command Center  
  86  9:45  Marine x3  
  86  9:46  Factory Tech Lab  
  86  9:51  Engineering Bay, Marine x2  
  86  9:52  Engineering Bay, Barracks  
  88  9:57  Marine x2  
  88  9:59  Marine  
  90  10:03  Marine x3  
  90  10:05  SCV x2  
  95  10:08  Marine  
  96  10:17  SCV  
  97  10:21  Terran Infantry Weapons Level 1  
  97  10:22  Factory, Terran Infantry Armor Level 1  
  97  10:24  Armory  
  97  10:25  Marine x2  
  99  10:33  Marine x4  
  103  10:39  Siege Tank  
  106  10:56  SCV x2  
  106  10:57  Barracks Reactor, Marine x4  
  112  11:07  Factory Tech Lab  
  112  11:11  Siege Tank  
  113  11:18  Marine  
  113  11:19  Marine x6  
  120  11:30  Marine  
  120  11:31  Siege Tank  
  124  11:35  Orbital Command  
  124  11:36  Marine  
  124  11:39  Marine x3  
  128  11:51  Siege Tank  
  131  12:00  Marine x6  
  131  12:01  Marine x3  
  140  12:11  Refinery  
  140  12:13  Medivac x2  
  140  12:14  Supply Depot x2  
  144  12:21  Marine x5  
  144  12:22  Marine  
  149  12:35  Marine x3  
Tags
 
Add a new tag
Caveats
  • Supply blocks, unpowered buildings, or Contaminate may cause inaccurate times.
  • Supply counts are checked every 10 seconds.